SAAA
ALASKAN HUMPBACKS @ FLORIDA MEN
07/05/2041
 
TOP OF THE 1ST
Alaskan Humpbacks batting - Pitching for Florida Men : LHP Raúl Hinojosa
Pitching: LHP Raúl Hinojosa
Batting: RHB Abel Risinger 0-0: Ball
1-0: Ball
2-0: Ball
3-0: Called Strike
3-1: Swinging Strike
3-2: Base on Balls
Batting: RHB José Torres 0-0: Called Strike
0-1: Ball
1-1: Ball
2-1: Ball
3-1: Foul Ball, location: 2F
3-2: Base on Balls
Abel Risinger to second
Batting: LHB Quincy Wass 0-0: Foul Ball, location: 2F
0-1: Called Strike
0-2: Fly out, F9 (Flyball, 9, EV 86.2 MPH)
Batting: LHB Teng Xuefeng 0-0: Called Strike
0-1: Fly out, F7 (Flyball, 78S, EV 81.9 MPH)
Batting: RHB Wally Briggs 0-0: Ball
1-0: Ball
2-0: Ball
3-0: Called Strike
3-1: Base on Balls
Abel Risinger to third
José Torres to second
Batting: RHB Bobby Butterfield 0-0: Ball
1-0: SINGLE (Groundball, 6MD, EV 106.2 MPH)
Abel Risinger scores
José Torres to third
Wally Briggs to second
Batting: RHB António Etxebarria 0-0: Ball
Wild Pitch!
José Torres scores
Wally Briggs to third
Bobby Butterfield to second
1-0: Ball
2-0: Called Strike
2-1: Ball
3-1: Ground out 6-3 (Groundball, 6, EV 91.2 MPH)
Top of the 1st over - 2 runs, 1 hit, 0 errors, 2 left on base; Alaskan 2 - Florida 0
BOTTOM OF THE 1ST
Florida Men batting - Pitching for Alaskan Humpbacks : RHP NaNomi Lojore
Pitching: RHP NaNomi Lojore
Batting: RHB Tristan Powell 0-0: Ball
1-0: Ball
2-0: Reached on error, E1 (Groundball, P, EV 43.8 MPH)
Batting: RHB Matsudaira Sugahara 0-0: Ball
1-0: Ball
2-0: Foul Ball, location: 2F
2-1: Called Strike
2-2: Ball
3-2: Strikes out swinging
Batting: LHB Jim Halpert 0-0: Ball
1-0: Called Strike
1-1: Swinging Strike
1-2: Strikes out looking
Batting: LHB Basava Puri 0-0: Ball
1-0: Called Strike
1-1: Ball
2-1: Foul Ball, location: 2F
2-2: Ground out 2-3 (Groundball, 2R, EV 63.8 MPH)
Bottom of the 1st over - 0 runs, 0 hits, 1 error, 1 left on base; Alaskan 2 - Florida 0
TOP OF THE 2ND
Alaskan Humpbacks batting - Pitching for Florida Men : LHP Raúl Hinojosa
Batting: RHB Justin Forbes 0-0: Ball
1-0: Fly out, F7 (Flyball, 78M, EV 95.0 MPH)
Batting: RHB Scott Velthuizen 0-0: Swinging Strike
0-1: Ball
1-1: SINGLE (Groundball, 6D, EV 110.6 MPH)
Batting: RHB Abel Risinger 0-0: Called Strike
0-1: Ball
1-1: Ball
2-1: Ball
3-1: SINGLE (Groundball, 6MD, EV 106.9 MPH)
Scott Velthuizen to second
Runner from 2nd tries for 3rd, SAFE, no throw by CF
Batting: RHB José Torres 0-0: DOUBLE (Line Drive, 78D, EV 108.8 MPH)
Scott Velthuizen scores
Abel Risinger to third
Batting: LHB Quincy Wass 0-0: Foul Ball, location: 2F
0-1: Ball
1-1: Foul Ball, location: 2F
1-2: Ball
Passed Ball!
Abel Risinger scores
José Torres to third
2-2: Fly out, F7 (Line Drive, 7, EV 93.8 MPH)
Batting: LHB Teng Xuefeng 0-0: Ball
1-0: Ball
2-0: Ball
3-0: Fly out, F9 (Flyball, 9, EV 87.5 MPH)
Top of the 2nd over - 2 runs, 3 hits, 0 errors, 1 left on base; Alaskan 4 - Florida 0
BOTTOM OF THE 2ND
Florida Men batting - Pitching for Alaskan Humpbacks : RHP NaNomi Lojore
Batting: LHB Badry Maksimenov 0-0: Swinging Strike
0-1: Fly out, F9 (Flyball, 9LM, EV 91.2 MPH)
Batting: RHB Pellervo Rintanen 0-0: Ball
1-0: Ball
2-0: Called Strike
2-1: Foul Ball, location: 2F
2-2: SINGLE (Groundball, 6MD, EV 108.8 MPH)
Batting: LHB Ed Holte 0-0: Fly out, F7 (Flyball, 7LSF, EV 72.5 MPH)
Batting: LHB Duncan Witteman 0-0: Foul Ball, location: 2F
0-1: Ball
1-1: Called Strike
1-2: Ball
2-2: Foul Ball, location: 2F
2-2: Strikes out swinging
Bottom of the 2nd over - 0 runs, 1 hit, 0 errors, 1 left on base; Alaskan 4 - Florida 0
TOP OF THE 3RD
Alaskan Humpbacks batting - Pitching for Florida Men : LHP Raúl Hinojosa
Batting: RHB Wally Briggs 0-0: Ball
1-0: Called Strike
1-1: SOLO HOME RUN (Flyball, 78XD, EV 100.0 MPH), Distance : 401 ft
Batting: RHB Bobby Butterfield 0-0: Ball
1-0: Ball
2-0: Fly out, F9 (Line Drive, 9, EV 90.6 MPH)
Batting: RHB António Etxebarria 0-0: DOUBLE (Line Drive, 5D, EV 93.8 MPH)
Pitching: RHP Roy Bell
Batting: RHB Justin Forbes 0-0: Ball
1-0: Hit by Pitch
Batting: RHB Scott Velthuizen 0-0: DOUBLE (Line Drive, 89D, EV 111.9 MPH)
António Etxebarria scores
Justin Forbes to third
Batting: RHB Abel Risinger 0-0: Called Strike
0-1: Fly out, F9 (Flyball, 9, EV 87.5 MPH)
Batting: RHB José Torres 0-0: Ball
Passed Ball!
Justin Forbes scores
Scott Velthuizen to third
1-0: Ball
2-0: Called Strike
2-1: Ball
3-1: Foul Ball, location: 2F
3-2: Base on Balls
Batting: LHB Quincy Wass 0-0: Swinging Strike
0-1: Ball
1-1: Ball
2-1: Ball
3-1: Base on Balls
José Torres to second
Batting: LHB Teng Xuefeng 0-0: Fly out, F9 (Line Drive, 9, EV 91.9 MPH)
Top of the 3rd over - 3 runs, 3 hits, 0 errors, 3 left on base; Alaskan 7 - Florida 0
BOTTOM OF THE 3RD
Florida Men batting - Pitching for Alaskan Humpbacks : RHP NaNomi Lojore
Batting: SHB Henrique de Senna Fernandes 0-0: Ball
1-0: Ball
2-0: Ball
3-0: Base on Balls
Batting: RHB Tristan Powell 0-0: Ball
1-0: SINGLE (Groundball, 4MD, EV 110.0 MPH)
Henrique de Senna Fernandes to second
Batting: RHB Matsudaira Sugahara 0-0: Fielders Choice at 2nd, 4-6 (Groundball, 34, EV 108.8 MPH)
Henrique de Senna Fernandes to third
Batting: LHB Jim Halpert 0-0: Called Strike
0-1: Ball
1-1: SINGLE (Groundball, 4D, EV 97.5 MPH)
Henrique de Senna Fernandes scores
Matsudaira Sugahara to second
Batting: LHB Basava Puri 0-0: Ball
Wild Pitch!
Matsudaira Sugahara to third
Jim Halpert to second
1-0: Called Strike
1-1: Ball
2-1: Ball
3-1: Base on Balls
Batting: LHB Badry Maksimenov 0-0: Foul Ball, location: 2F
0-1: Ball
1-1: Ball
Wild Pitch!
Matsudaira Sugahara scores
Jim Halpert to third
Basava Puri to second
2-1: 3-RUN HOME RUN (Flyball, 7D, EV 104.4 MPH), Distance : 378 ft
Batting: RHB Pellervo Rintanen 0-0: Ball
1-0: Foul Ball, location: 2F
1-1: Ground out U3 (Groundball, 34, EV 96.2 MPH)
Batting: LHB Ed Holte 0-0: Ball
1-0: Foul Ball, location: 2F
1-1: Ball
2-1: Called Strike
2-2: Ball
3-2: Foul Ball, location: 2F
3-2: Ground out 1-3 (Groundball, P, EV 85.0 MPH)
Bottom of the 3rd over - 5 runs, 3 hits, 0 errors, 0 left on base; Alaskan 7 - Florida 5
TOP OF THE 4TH
Alaskan Humpbacks batting - Pitching for Florida Men : RHP Roy Bell
Batting: RHB Wally Briggs 0-0: Ball
1-0: Called Strike
1-1: Ground out 4-3 (Groundball, 4, EV 87.5 MPH)
Batting: RHB Bobby Butterfield 0-0: Foul Ball, location: 2F
0-1: Ball
1-1: Swinging Strike
1-2: Ball
2-2: Fly out, F9 (Flyball, 9S, EV 83.1 MPH)
Batting: RHB António Etxebarria 0-0: Called Strike
0-1: Fly out, F8 (Line Drive, 8LM, EV 92.5 MPH)
Top of the 4th over - 0 runs, 0 hits, 0 errors, 0 left on base; Alaskan 7 - Florida 5
BOTTOM OF THE 4TH
Florida Men batting - Pitching for Alaskan Humpbacks : RHP NaNomi Lojore
Batting: LHB Duncan Witteman 0-0: Foul Ball, location: 2F
0-1: Foul Ball, location: 2F
0-2: Ball
1-2: Foul Ball, location: 2F
1-2: Ball
2-2: Foul Ball, location: 2F
2-2: Ball
3-2: Ground out 1-3 (Groundball, 34S, EV 77.5 MPH)
Batting: SHB Henrique de Senna Fernandes 0-0: Called Strike
0-1: Ball
1-1: Bunt for hit to 23 - play at first, batter OUT! 3-4
Batting: RHB Tristan Powell 0-0: Called Strike
0-1: Foul Ball, location: 2F
0-2: Ball
1-2: Strikes out swinging
Bottom of the 4th over - 0 runs, 0 hits, 0 errors, 0 left on base; Alaskan 7 - Florida 5
TOP OF THE 5TH
Alaskan Humpbacks batting - Pitching for Florida Men : RHP Roy Bell
Batting: RHB Justin Forbes 0-0: Swinging Strike
0-1: Ground out 5-3 (Groundball, 56S, EV 80.0 MPH)
Batting: RHB Scott Velthuizen 0-0: Called Strike
0-1: Swinging Strike
0-2: Strikes out swinging
Batting: RHB Abel Risinger 0-0: Ball
1-0: Foul Ball, location: 2F
1-1: DOUBLE (Line Drive, 78D, EV 106.2 MPH)
Batting: RHB José Torres 0-0: Fly out, F7 (Flyball, 78S, EV 89.4 MPH)
Top of the 5th over - 0 runs, 1 hit, 0 errors, 1 left on base; Alaskan 7 - Florida 5
BOTTOM OF THE 5TH
Florida Men batting - Pitching for Alaskan Humpbacks : RHP NaNomi Lojore
Batting: RHB Matsudaira Sugahara 0-0: Foul Ball, location: 2F
0-1: Ball
1-1: Ground out 4-3 (Groundball, 4, EV 103.1 MPH)
Batting: LHB Jim Halpert 0-0: Ball
1-0: Ball
2-0: Ball
3-0: Base on Balls
Pitching: RHP Javier Guillén
Batting: LHB Basava Puri 0-0: Swinging Strike
0-1: Ball
1-1: Fly out, F4 (Flyball, 34D, EV 77.5 MPH)
Batting: LHB Badry Maksimenov 0-0: Called Strike
0-1: Called Strike
0-2: Ball
1-2: Ball
2-2: Strikes out looking
Bottom of the 5th over - 0 runs, 0 hits, 0 errors, 1 left on base; Alaskan 7 - Florida 5
TOP OF THE 6TH
Alaskan Humpbacks batting - Pitching for Florida Men : RHP Roy Bell
Batting: LHB Quincy Wass 0-0: Ball
1-0: Ball
2-0: Foul Ball, location: 2F
2-1: Called Strike
2-2: Foul Ball, location: 2F
2-2: Strikes out swinging
Pitching: RHP José Barquero
Batting: LHB Teng Xuefeng 0-0: Called Strike
0-1: Swinging Strike
0-2: Fly out, F7 (Flyball, 7S, EV 89.4 MPH)
Batting: RHB Wally Briggs 0-0: TRIPLE (Flyball, 8LXD, EV 102.5 MPH)
Batting: RHB Bobby Butterfield 0-0: Ball
1-0: Swinging Strike
1-1: SINGLE (Flyball, 7LS, EV 88.8 MPH)
Wally Briggs scores
Batting: RHB António Etxebarria 0-0: Foul Ball, location: 2F
0-1: Foul Ball, location: 2F
0-2: Ball
1-2: Fielders Choice at 2nd, 6-4 (Groundball, 6, EV 84.4 MPH)
Top of the 6th over - 1 run, 2 hits, 0 errors, 1 left on base; Alaskan 8 - Florida 5
BOTTOM OF THE 6TH
Florida Men batting - Pitching for Alaskan Humpbacks : RHP Javier Guillén
Batting: RHB Pellervo Rintanen 0-0: Fly out, F8 (Line Drive, 8RD, EV 88.8 MPH)
Batting: LHB Ed Holte 0-0: Fly out, F8 (Flyball, 8LS, EV 86.2 MPH)
Batting: LHB Duncan Witteman 0-0: Ball
1-0: Ball
2-0: Ground out 1-4-3 (Groundball, 15S, EV 100.6 MPH)
Bottom of the 6th over - 0 runs, 0 hits, 0 errors, 0 left on base; Alaskan 8 - Florida 5
TOP OF THE 7TH
Alaskan Humpbacks batting - Pitching for Florida Men : RHP José Barquero
Batting: RHB Justin Forbes 0-0: Ball
1-0: Foul Ball, location: 2F
1-1: Ball
2-1: Ground out 6-3 (Groundball, 6, EV 85.0 MPH)
Batting: RHB Scott Velthuizen 0-0: Ball
1-0: SINGLE (Flyball, 7LS, EV 88.1 MPH)
Batting: RHB Abel Risinger 0-0: Ball
1-0: Ball
2-0: Foul Ball, location: 2F
2-1: Foul Ball, location: 2F
2-2: SINGLE (Line Drive, 8RS, EV 101.2 MPH)
Scott Velthuizen to second
Batting: RHB José Torres 0-0: Called Strike
0-1: Foul Ball, location: 2F
0-2: Ball
1-2: SINGLE (Groundball, 6MD, EV 101.2 MPH)
Scott Velthuizen to third
Abel Risinger to second
Runner from 3rd tries for Home, SAFE, no throw by CF
Pitching: RHP John Fain
Batting: LHB Quincy Wass 0-0: Foul Ball, location: 2F
0-1: Called Strike
0-2: SINGLE (Flyball, 7S, EV 93.1 MPH)
Abel Risinger to third
José Torres to second
Batting: LHB Teng Xuefeng 0-0: Called Strike
0-1: Swinging Strike
0-2: Strikes out swinging
Batting: RHB Wally Briggs 0-0: Foul Ball, location: 2F
0-1: Ball
1-1: Foul Ball, location: 2F
1-2: SINGLE (Line Drive, 6MD, EV 97.5 MPH)
Abel Risinger scores
José Torres to third
Quincy Wass to second
Runner from 3rd tries for Home, SAFE, throw by CF to home
Batting: RHB Bobby Butterfield 0-0: Ball
Wild Pitch!
Quincy Wass to third
Wally Briggs to second
1-0: Fly out, F8 (Flyball, 8LD, EV 90.0 MPH)
Top of the 7th over - 3 runs, 5 hits, 0 errors, 2 left on base; Alaskan 11 - Florida 5
BOTTOM OF THE 7TH
Florida Men batting - Pitching for Alaskan Humpbacks : RHP Javier Guillén
Batting: SHB Henrique de Senna Fernandes 0-0: Ball
1-0: Called Strike
1-1: Foul Ball, location: 2F
1-2: Foul Ball, location: 2F
1-2: Strikes out swinging
Batting: RHB Tristan Powell 0-0: Foul Ball, location: 2F
0-1: Foul Ball, location: 2F
0-2: Ball
1-2: Strikes out swinging
Batting: RHB Matsudaira Sugahara 0-0: Ball
1-0: Ball
2-0: Called Strike
2-1: Ground out 1-3 (Groundball, 13, EV 88.1 MPH)
Bottom of the 7th over - 0 runs, 0 hits, 0 errors, 0 left on base; Alaskan 11 - Florida 5
TOP OF THE 8TH
Alaskan Humpbacks batting - Pitching for Florida Men : RHP John Fain
Batting: RHB António Etxebarria 0-0: Ball
1-0: Called Strike
1-1: Hit by Pitch
Batting: RHB Justin Forbes 0-0: Ball
1-0: Swinging Strike
1-1: DOUBLE (Line Drive, 7LD, EV 108.1 MPH)
António Etxebarria to third
Batting: RHB Scott Velthuizen 0-0: Foul Ball, location: 2F
0-1: Ground out 6-3 (Groundball, 6, EV 86.9 MPH)
António Etxebarria scores
Justin Forbes to third
Batting: RHB Abel Risinger 0-0: Called Strike
0-1: Ball
1-1: Swinging Strike
1-2: Strikes out swinging
Batting: RHB José Torres 0-0: Ball
1-0: Called Strike
1-1: Swinging Strike
1-2: Ball
2-2: Foul Ball, location: 2F
2-2: Ground out U3 (Groundball, 3, EV 108.8 MPH)
Top of the 8th over - 1 run, 1 hit, 0 errors, 1 left on base; Alaskan 12 - Florida 5
BOTTOM OF THE 8TH
Florida Men batting - Pitching for Alaskan Humpbacks : RHP Javier Guillén
Batting: LHB Jim Halpert 0-0: Ball
1-0: Called Strike
1-1: Foul Ball, location: 2F
1-2: Ball
2-2: Foul Ball, location: 2F
2-2: Strikes out swinging
Batting: LHB Basava Puri 0-0: Ball
1-0: Ball
2-0: Called Strike
2-1: Swinging Strike
2-2: DOUBLE (Flyball, 8LXD, EV 95.6 MPH)
Batting: LHB Badry Maksimenov 0-0: Ball
1-0: Called Strike
1-1: Swinging Strike
1-2: Ground out 4-3 (Groundball, 34D, EV 86.9 MPH)
Basava Puri to third
Batting: RHB Pellervo Rintanen 0-0: Ball
1-0: Called Strike
1-1: Fly out, F8 (Flyball, 89M, EV 87.5 MPH)
Bottom of the 8th over - 0 runs, 1 hit, 0 errors, 1 left on base; Alaskan 12 - Florida 5
TOP OF THE 9TH
Alaskan Humpbacks batting - Pitching for Florida Men : RHP John Fain
Batting: LHB Quincy Wass 0-0: Called Strike
0-1: Ball
1-1: Ball
2-1: Ball
3-1: Foul Ball, location: 2F
3-2: Fly out, F8 (Flyball, 8LM, EV 84.4 MPH)
Batting: LHB Teng Xuefeng 0-0: Called Strike
0-1: Fly out, F8 (Flyball, 8LD, EV 100.6 MPH)
Batting: RHB Wally Briggs 0-0: DOUBLE (Flyball, 78XD, EV 96.2 MPH)
Batting: RHB Bobby Butterfield 0-0: Called Strike
0-1: Ball
1-1: Fly out, F9 (Flyball, 9LD, EV 90.0 MPH)
Top of the 9th over - 0 runs, 1 hit, 0 errors, 1 left on base; Alaskan 12 - Florida 5
BOTTOM OF THE 9TH
Florida Men batting - Pitching for Alaskan Humpbacks : RHP Javier Guillén
Batting: LHB Ed Holte 0-0: Ball
1-0: Called Strike
1-1: Foul Ball, location: 2F
1-2: SINGLE (Groundball, 4MD, EV 105.0 MPH)
Pitching: RHP Júlio Valenzuela
Batting: LHB Duncan Witteman 0-0: Ball
1-0: Foul Ball, location: 2F
1-1: 2-RUN HOME RUN (Flyball, 9LD, EV 92.5 MPH), Distance : 336 ft
Batting: SHB Henrique de Senna Fernandes 0-0: Fly out, F9 (Flyball, 9LSF, EV 91.2 MPH)
Batting: RHB Tristan Powell 0-0: Ball
1-0: Foul Ball, location: 2F
1-1: Ball
2-1: Foul Ball, location: 2F
2-2: Foul Ball, location: 2F
2-2: Foul Ball, location: 2F
2-2: Strikes out swinging
Batting: RHB Matsudaira Sugahara 0-0: Called Strike
0-1: Foul Ball, location: 2F
0-2: Strikes out looking
Bottom of the 9th over - 2 runs, 2 hits, 0 errors, 0 left on base; Alaskan 12 - Florida 7
Tuesday, January 5th, 2021 - OOTP Baseball 20.8 Build 74